AoeStats
← 大王同学

Arena

504726577Analyzed
4v4 RM · 24d ago on Sep 6, 2026· 48m 50s· 8 players
Game mode
Random Map
Map size
Large (8 player)
Population
200
Speed
Normal
Resources
Standard
Victory
Conquest
Starting age
Dark Age
Ending age
Imperial Age
RankedLock teamsTeams togetherTeam positionsShared explorationLock speedFull tech treeHidden civsTurbo modeCheats
Victory
Defeat
🇦🇺 Persians · Australia
1190
+16
🇦🇺 Dravidians · Australia
1182
+16
🇦🇺 Romans · Australia
1163
+17
🇦🇺 Bohemians · Australia
1096
+19
🇭🇰 Wei · Hong Kong SAR China
1292
-22
🇳🇱 Franks · Netherlands
1172
-17
🇳🇱 Spanish · Netherlands
1163
-16
🇨🇳 Byzantines · China
1091
-13
Woody
7:40 Loom
10:17 Feudal Age
16:05 Castle Age
15:18 Loom
16:33 Wheelbarrow
18:07 Double-Bit Axe
19:13 Bow Saw
21:47 Fortified Wall
25:24 Scale Barding Armor
26:39 Gold Mining
30:56 Imperial Age
28:42 Hand Cart
29:10 Town Watch
29:42 Husbandry
30:08 Forging
31:29 Chain Barding Armor
31:27 Cavalier
32:45 Iron Casting
33:39 Paladin
35:58 Plate Barding Armor
36:24 Blast Furnace
36:21 Conscription
36:37 Hoardings
41:36 Gold Shaft Mining
41:16 Masonry
41:28 Murder Holes
大王同学
10:59 Feudal Age
15:04 Castle Age
13:13 Double-Bit Axe
13:26 Horse Collar
13:50 Gold Mining
16:00 Bow Saw
15:38 Loom
20:18 Wheelbarrow
22:57 Stone Mining
23:25 Hand Cart
26:57 Imperial Age
24:16 Loom
25:24 Gold Shaft Mining
25:06 Fletching
25:16 Padded Archer Armor
25:24 Padded Archer Armor
25:46 Bodkin Arrow
26:08 Heavy Plow
27:28 Leather Archer Armor
27:34 Bloodlines
27:25 Husbandry
28:45 Thumb Ring
28:32 Town Watch
29:04 Bracer
29:49 Parthian Tactics
30:18 Stone Shaft Mining
31:20 Crop Rotation
31:16 Ballistics
31:27 Ring Archer Armor
31:24 Masonry
32:39 Chemistry
33:18 Ming Guang Armor
32:54 Tuntian
33:15 Conscription
34:47 Scale Mail Armor
34:54 Scale Barding Armor
35:01 Forging
34:18 Elite Tiger Cavalry
35:33 Hoardings
34:23 Light Cavalry
36:01 Masonry
35:47 Murder Holes
36:15 Chain Barding Armor
37:08 Iron Casting
37:37 Pikeman
38:17 Squires
38:18 Scale Mail Armor
38:54 Sanctity
38:06 Halberdier
39:47 Blast Furnace
39:04 Fervor
39:09 Block Printing
39:45 Chain Mail Armor
42:54 Elite Skirmisher
44:19 Fortified Wall
Nimfix
10:10 Feudal Age
8:28 Loom
11:51 Double-Bit Axe
16:17 Castle Age
15:28 Double-Bit Axe
16:24 Padded Archer Armor
17:23 Leather Archer Armor
18:09 Horse Collar
23:19 Gold Mining
24:54 Bloodlines
24:45 Husbandry
39:46 Wheelbarrow
44:31 Imperial Age
44:36 Hand Cart
45:12 Sanctity
45:54 Theocracy
46:30 Illumination
48:04 Block Printing
48:20 Fervor
小离爱吃糖
10:56 Feudal Age
13:25 Horse Collar
13:51 Double-Bit Axe
17:24 Castle Age
26:08 Imperial Age
24:21 Bow Saw
24:05 Gold Mining
24:09 Stone Mining
24:24 Heavy Plow
24:45 Forging
25:09 Scale Barding Armor
26:37 Stone Shaft Mining
26:41 Gold Shaft Mining
27:09 Wheelbarrow
26:20 Loom
27:38 Ballistics
28:36 Hand Cart
28:50 Murder Holes
31:20 Chemistry
33:12 Two-Man Saw
32:45 Crop Rotation
34:41 Conscription
36:50 Iron Casting
36:36 Chain Barding Armor
37:38 Logistica
39:44 Elite Cataphract
44:22 Plate Barding Armor
45:23 Heavy Camel Rider
Killed by Tony
11:16 Feudal Age
15:06 Castle Age
13:01 Double-Bit Axe
12:59 Horse Collar
17:38 Gold Mining
18:38 Stone Mining
21:29 Fletching
24:54 Wheelbarrow
25:40 Ballistas
27:51 Forging
28:54 Ballistics
28:30 Murder Holes
28:15 Man-at-Arms
28:56 Squires
28:21 Pikeman
29:05 Scale Mail Armor
28:54 Town Watch
30:01 Fortified Wall
29:47 Long Swordsman
34:20 Imperial Age
32:29 Hand Cart
34:41 Chain Mail Armor
34:22 Bodkin Arrow
35:04 Iron Casting
35:08 Bow Saw
34:30 Legionary
35:35 Heavy Scorpion
39:08 Chemistry
38:18 Capped Ram
39:08 Siege Engineers
40:54 Siege Ram
wahashhh
10:23 Feudal Age
14:23 Castle Age
12:41 Double-Bit Axe
15:05 Bow Saw
15:04 Horse Collar
24:04 Wheelbarrow
25:42 Heavy Plow
25:34 Gold Mining
26:27 Hand Cart
25:58 Loom
25:58 Town Watch
27:44 Stone Mining
28:31 Gold Shaft Mining
28:12 Scale Barding Armor
28:18 Forging
28:01 Fletching
28:11 Padded Archer Armor
29:10 Ballistics
28:46 Murder Holes
29:02 Masonry
31:45 Imperial Age
29:17 Town Patrol
30:30 Chain Barding Armor
30:46 Iron Casting
30:49 Stone Shaft Mining
30:50 Bodkin Arrow
31:11 Leather Archer Armor
30:51 Heated Shot
32:57 Plate Barding Armor
33:31 Conscription
33:25 Citadels
32:38 Elite War Elephant
33:52 Thumb Ring
33:09 Crossbowman
34:14 Husbandry
34:24 Bloodlines
35:18 Chemistry
34:49 Architecture
35:21 Blast Furnace
38:04 Kamandaran
39:55 Ring Archer Armor
42:56 Cavalier
42:57 Light Cavalry
lamp
10:13 Feudal Age
14:06 Castle Age
12:34 Double-Bit Axe
12:55 Horse Collar
15:10 Bow Saw
19:10 Heavy Plow
21:11 Wheelbarrow
21:40 Gold Mining
22:25 Hand Cart
27:49 Imperial Age
25:46 Fletching
25:56 Padded Archer Armor
26:01 Stone Mining
26:51 Bodkin Arrow
27:32 Leather Archer Armor
28:05 Thumb Ring
28:40 Bracer
29:17 Ballistics
31:14 Ring Archer Armor
31:10 Elite Elephant Archer
33:18 Chemistry
32:26 Scale Mail Armor
33:34 Chain Mail Armor
32:42 Pikeman
34:18 Husbandry
36:07 Two-Man Saw
35:28 Murder Holes
35:58 Conscription
35:44 Medical Corps
37:13 Medical Corps
37:24 Fortified Wall
42:18 Coinage
Lumeh
11:00 Feudal Age
15:01 Castle Age
12:49 Double-Bit Axe
12:51 Horse Collar
17:11 Fervor
19:40 Bow Saw
20:55 Fervor
20:56 Heavy Plow
21:08 Bow Saw
21:42 Wheelbarrow
26:24 Chemistry
25:36 Fortified Wall
29:50 Imperial Age
27:50 Hand Cart
27:10 Pikeman
28:19 Squires
28:07 Arson
28:17 Loom
28:56 Forging
28:46 Scale Mail Armor
28:53 Scale Mail Armor
30:04 Halberdier
30:18 Houfnice
31:23 Elite Skirmisher
35:48 Masonry
37:22 Two-Man Saw
37:03 Siege Engineers
48:16 Caravan
49:01 Ballistics
49:08 Ballistics
49:02 Masonry
Connection lost

Rejoining the realm…

Still unreachable

The connection could not be restored.

Session expired

The server has moved on; the page needs a fresh start.